 Dungeon Crawl Stone Soup version 0.27-a0-660-g90476cec82 (webtiles) character file.

Game seed: 13997423676935427847

428 robertstho the Magician (level 6, -10/32 HPs)
             Began as a Deep Elf Fire Elementalist on Mar 16, 2021.
             Mangled by Duvessa
             ... wielding a +0 short sword
              (13 damage)
             ... on level 4 of the Dungeon.
             The game lasted 00:06:10 (3886 turns).

robertstho the Magician (DEFE)                      Turns: 3886, Time: 00:06:11

Health: -10/32     AC:  2    Str:  5    XL:     6   Next: 65%
Magic:  6/17       EV: 12    Int: 22    God:
Gold:   188        SH:  0    Dex: 15    Spells: 16/17 levels left

rFire    . . .     SeeInvis .   g - +0 short sword
rCold    . . .     Faith    .   (no shield)
rNeg     . . .     Spirit   .   a - +0 robe
rPois    +         Reflect  .   (no helmet)
rElec    .         Harm     .   (no cloak)
rCorr    .         Rampage  .   (no gloves)
Will     .....                  (no boots)
Stlth    ++........             (no amulet)
HPRegen  0.10/turn              d - ring of poison resistance
MPRegen  0.15/turn              (no ring)

@: mighty
A: no striking features
a: no special abilities


You were on level 4 of the Dungeon.
You visited 1 branch of the dungeon, and saw 4 of its levels.

You collected 188 gold pieces.

Inventory:

Hand Weapons
 g - a +0 short sword (weapon)
Armour
 a - a +0 robe (worn)
Jewellery
 d - a ring of poison resistance (right hand)
Scrolls
 f - 2 scrolls of enchant weapon {unknown}
 h - 4 scrolls of identify {unknown}
 i - a scroll of fog {unknown}
 k - 2 scrolls of teleportation {unknown}
 n - a scroll of magic mapping {unknown}
 o - a scroll of noise {unknown}
Potions
 b - a potion of degeneration {unknown}
 c - a potion of resistance {unknown}
 e - 2 potions of might
 j - a potion of cancellation {unknown}
 l - a potion of mutation {unknown}
 m - a potion of brilliance {unknown}


   Skills:
 + Level 0.1 Fighting
 + Level 0.6 Short Blades
 + Level 2.6 Dodging
 + Level 3.0 Stealth
 * Level 6.2 Spellcasting
 * Level 3.9 Conjurations
 * Level 5.2 Fire Magic


You had 16 spell levels left.
You knew the following spells:

 Your Spells              Type           Power      Damage    Failure   Level
a - Foxfire               Conj/Fire      100%       2x1d9     1%          1

Your spell library contained the following spells:

 Spells                   Type           Power      Damage    Failure   Level
 Conjure Flame            Conj/Fire      27%        6-21      4%          3
 Inner Flame              Hex/Fire       18%        N/A       10%         3
 Sticky Flame             Conj/Fire      27%        2d5       14%         4
 Fireball                 Conj/Fire      13%        3d7       36%         5


Dungeon Overview and Level Annotations

Branches:
Dungeon (4/15)
 Temple: D:4-7

Altars:
Nemelex Xobeh

Annotations:
D:4 Dowan, Duvessa


Message History

Dowan hits you with a +4 dagger of protection.
Unknown command.
Casting: Foxfire (safe; 1% risk of failure)
Confirm with . or Enter, or press ? or * to list all spells.
You conjure some foxfire!
Dowan hits you with a +4 dagger of protection!
The foxfire hits Dowan.
Dowan completely resists.
Dowan is moderately wounded.
The foxfire hits Dowan.
Dowan resists.
Dowan is moderately wounded.
Duvessa, Sister of Dowan comes into view.
She is wielding a +0 short sword.
Dowan closely misses you.
Unknown command.
Casting: Foxfire (safe; 1% risk of failure)
Confirm with . or Enter, or press ? or * to list all spells.
You conjure some foxfire!
Dowan gestures at you while chanting. You resist with some effort.
The foxfire hits Dowan.
Dowan resists.
Dowan is heavily wounded.
The foxfire hits Dowan.
Dowan completely resists.
Dowan is heavily wounded.
Dowan hits you with a +4 dagger of protection!
Unknown command.
Casting: Foxfire (safe; 1% risk of failure)
Confirm with . or Enter, or press ? or * to list all spells.
You conjure some foxfire!
Dowan hits you with a +4 dagger of protection.
* * * LOW HITPOINT WARNING * * *
The foxfire hits Duvessa.
Duvessa is lightly wounded.
The foxfire hits Duvessa.
Duvessa is lightly wounded.
Dowan misses you. Duvessa hits you with a +0 short sword.
* * * LOW HITPOINT WARNING * * *
Unknown command.
It was a potion of might.
You feel very mighty all of a sudden. Duvessa hits you with a +0 short sword!
You die...

..#..........#
#..#..........# ..#
#.............##..##
.............##....###
.....................#
.....................##
...........####........
........§..# ##........
#.....e@§..###.<.......
......e.#..............
.##.....####...........
#..#..# #...(.......
....##.. #...........
†... ... ..##...#....
... ... .>.########..
.(. ......## .. ..##


You could see Duvessa (fast) and Dowan.

Vanquished Creatures
  Grinder (D:3)
  A centaur zombie (D:4)
  Jessica (D:3)
  Terence (D:3)
  A hound zombie (D:3)
  A hound skeleton (D:4)
  3 adders
  An ooze (D:1)
  A dart slug (D:3)
  A leopard gecko (D:1)
  An orc (D:3)
  2 ball pythons
  13 bats
  9 giant cockroaches
  5 goblins
  12 hobgoblins
  3 jackals
  2 quokkas (D:3)
  5 frilled lizards
  12 kobolds
  12 rats
88 creatures vanquished.

Vanquished Creatures (others)
  308 foxfires
308 creatures vanquished.

Grand Total: 396 creatures vanquished

Notes
Turn   | Place    | Note
-------+----------+-------------------------------------------
     0 | D:1      | robertstho the Deep Elf Fire Elementalist began the quest
                  | for the Orb.
     0 | D:1      | Reached XP level 1. HP: 10/10 MP: 6/6
   187 | D:1      | Reached XP level 2. HP: 15/15 MP: 6/8
   732 | D:1      | Reached XP level 3. HP: 19/19 MP: 6/9
  1912 | D:2      | Found a sparkling altar of Nemelex Xobeh.
  1986 | D:2      | Reached skill level 4 in Spellcasting
  2285 | D:2      | Reached XP level 4. HP: 24/24 MP: 10/12
  2667 | D:3      | Noticed Grinder
  2695 | D:3      | Killed Grinder
  2696 | D:3      | Reached skill level 5 in Spellcasting
  2696 | D:3      | Reached skill level 5 in Fire Magic
  2696 | D:3      | Reached XP level 5. HP: 13/28 MP: 3/15
  2696 | D:3      | Reached XP level 6. HP: 15/32 MP: 3/16
  2811 | D:3      | Noticed Terence
  2821 | D:3      | Killed Terence
  3222 | D:3      | Noticed Jessica
  3227 | D:3      | Killed Jessica
  3228 | D:3      | Reached skill level 6 in Spellcasting
  3859 | D:4      | Noticed Dowan
  3881 | D:4      | Noticed Duvessa
  3886 | D:4      | Mangled by Duvessa

Illustrated notes

Levels and vault maps discovered:
D:1:      giann_forest_graveyard, layout_basic, corexii_corridor_pit,
          chequers_hall_statues_y
D:2:      layout_loops_ring, nemelex_spade_bored_becter
D:3:      layout_loops_ring, gup_sewer_entry_glass, uniq_jessica, uniq_terence,
          uniq_grinder
D:4:      layout_cave_pools, uniq_duvessa

Skill      XL: |  1  2  3  4  5  6 |
---------------+-------------------+-----
Fire Magic     | 4 5 |  5.2
Spellcasting   | 4 5 6 |  6.2
Conjurations   | 3 |  3.9
Stealth        | 3 |  3.0
Fighting       | |  0.1
Short Blades   | |  0.6
Dodging        | |  2.6

Action                   |  1- 3 |  4- 6 || total
-------------------------+-------+-------++-------
Melee: Short sword       |    16 |     7 ||    23
 Cast: Foxfire           |    79 |   105 ||   184
  Use: Potion            |       |     1 ||     1
Armor: Robe              |     9 |     2 ||    11
Dodge: Dodged            |    17 |    33 ||    50

Table legend: (Time is in decaauts)
 A = Elapsed time spent in this place.
 B = Non-inter-level travel time spent in this place.
 C = Inter-level travel time spent in this place.
 D = Time resting spent in this place.
 E = Time spent auto-exploring this place.
 F = Levels seen in this place.
 G = Mean time per level.
                   A        B        C        D        E       F      G
               +--------+--------+--------+--------+--------+-----+--------+
         Total |   3888 |   3791 |     97 |    129 |   3049 |   4 |  972.0 |
       Dungeon |   3888 |   3791 |     97 |    129 |   3049 |   4 |  972.0 |
               +--------+--------+--------+--------+--------+-----+--------+

Top non-repeatable levels by time:
     D:1: 1531 daAuts
     D:2: 1130 daAuts
     D:3: 1114 daAuts
     D:4: 111 daAuts
